NYP
BOISE HAWKS @ AUBURN DOUBLEDAYS
08/09/2047
 
TOP OF THE 1ST
Boise Hawks batting - Pitching for Auburn Doubledays : RHP Sentos Alatas
Pitching: RHP Sentos Alatas
Batting: LHB Paul McClintock 0-0: Ball
1-0: Ball
2-0: Ball
3-0: Base on Balls
Batting: RHB Shawn Weber 0-0: Ground out 4-3 (Groundball, 34S, EV 81.9 MPH)
Paul McClintock to second
Batting: LHB Barnabé Metrass 0-0: Foul Ball, location: 2F
0-1: Ball
1-1: Ball
2-1: Foul Ball, location: 2F
2-2: Strikes out swinging
Batting: RHB Larry Hardman 0-0: Ground out 5-3 (Groundball, 56S, EV 81.9 MPH)
Top of the 1st over - 0 runs, 0 hits, 0 errors, 1 left on base; Boise 0 - Auburn 0
BOTTOM OF THE 1ST
Auburn Doubledays batting - Pitching for Boise Hawks : LHP Jason Peck
Pitching: LHP Jason Peck
Batting: RHB Bobby Bricker 0-0: Ball
1-0: Swinging Strike
1-1: Ball
2-1: Ball
3-1: Foul Ball, location: 2F
3-2: Foul Ball, location: 2F
3-2: Strikes out swinging
Batting: SHB Ed Thorpe Jr. 0-0: TRIPLE (Line Drive, 8LXD, EV 104.4 MPH)
Batting: LHB Nate Melendez 0-0: Ball
1-0: Ball
2-0: SINGLE (Line Drive, 9S, EV 90.0 MPH)
Ed Thorpe Jr. scores
Batting: RHB Leo Gutierrez 0-0: Fielders Choice at 2nd, 4-6 (Groundball, 4, EV 76.9 MPH)
Batting: RHB Justin Davenport 0-0: Ball
1-0: Called Strike
1-1: Ball
2-1: Ball
3-1: Foul Ball, location: 2F
3-2: Foul Ball, location: 2F
3-2: Foul Ball, location: 2F
3-2: Base on Balls
Leo Gutierrez to second
Batting: RHB Jim Towle 0-0: Called Strike
0-1: Fly out, F8 (Flyball, 89D, EV 96.9 MPH)
Bottom of the 1st over - 1 run, 2 hits, 0 errors, 2 left on base; Boise 0 - Auburn 1
TOP OF THE 2ND
Boise Hawks batting - Pitching for Auburn Doubledays : RHP Sentos Alatas
Batting: SHB Charlie Diesel 0-0: Swinging Strike
0-1: Hit by Pitch
Batting: RHB Chris Kinder 0-0: Foul Ball, location: 2F
0-1: Ball
1-1: Ball
Balk!
Charlie Diesel to second
2-1: Swinging Strike
2-2: Strikes out swinging
Batting: LHB Fernando Amaya 0-0: Ball
1-0: Swinging Strike
1-1: Swinging Strike
1-2: 2-RUN HOME RUN (Flyball, 8RXD, EV 115.0 MPH), Distance : 460 ft
Batting: RHB Chris Simmons 0-0: Ball
1-0: Ball
2-0: Ball
3-0: Base on Balls
Batting: LHB Jon Burgos 0-0: Ball
Wild Pitch!
Chris Simmons to second
1-0: Swinging Strike
1-1: Ball
Wild Pitch!
Chris Simmons to third
2-1: Ball
Wild Pitch!
Chris Simmons scores
3-1: Foul Ball, location: 2F
3-2: Foul Ball, location: 2F
3-2: Fly out, F9 (Flyball, 9, EV 93.1 MPH)
Batting: LHB Paul McClintock 0-0: Called Strike
0-1: Called Strike
0-2: Ball
1-2: Foul Ball, location: 2F
1-2: Ground out 3-1 (Groundball, 34, EV 102.5 MPH)
Top of the 2nd over - 3 runs, 1 hit, 0 errors, 0 left on base; Boise 3 - Auburn 1
BOTTOM OF THE 2ND
Auburn Doubledays batting - Pitching for Boise Hawks : LHP Jason Peck
Batting: RHB Jelexiz Cuenca 0-0: Ball
1-0: Ball
2-0: Foul Ball, location: 2F
2-1: Foul Ball, location: 2F
2-2: Ball
3-2: DOUBLE (Groundball, 5L, EV 101.2 MPH)
Batting: LHB Jim Weidman 0-0: Called Strike
0-1: Called Strike
0-2: Fly out, F9 (Flyball, 9, EV 88.1 MPH)
Batting: RHB Sentos Alatas 0-0: Ball
1-0: Ball
2-0: Called Strike
2-1: Called Strike
2-2: Strikes out swinging
Batting: RHB Bobby Bricker 0-0: Ball
1-0: Called Strike
1-1: SINGLE (Groundball, 13S, EV 71.2 MPH) (infield hit)
Jelexiz Cuenca to third
Batting: SHB Ed Thorpe Jr. 0-0: Ball
1-0: Ball
2-0: Ball
3-0: Base on Balls
Bobby Bricker to second
Batting: LHB Nate Melendez 0-0: Ball
1-0: Ball
2-0: Ball
3-0: Called Strike
3-1: Foul Ball, location: 2F
3-2: Base on Balls
Jelexiz Cuenca scores
Bobby Bricker to third
Ed Thorpe Jr. to second
Batting: RHB Leo Gutierrez 0-0: Foul Ball, location: 2F
0-1: Swinging Strike
0-2: Fly out, F9 (Flyball, 9, EV 85.0 MPH)
Bottom of the 2nd over - 1 run, 2 hits, 0 errors, 3 left on base; Boise 3 - Auburn 2
TOP OF THE 3RD
Boise Hawks batting - Pitching for Auburn Doubledays : RHP Sentos Alatas
Batting: RHB Shawn Weber 0-0: Called Strike
0-1: Ball
1-1: Ball
2-1: Ball
3-1: Foul Ball, location: 2F
3-2: Base on Balls
Batting: LHB Barnabé Metrass Balk!
Shawn Weber to second
0-0: Called Strike
0-1: Ball
1-1: Ball
2-1: Ball
3-1: Base on Balls
Batting: RHB Larry Hardman 0-0: Called Strike
Shawn Weber steals 3rd base
Balk!
Shawn Weber scores
Barnabé Metrass to second
0-1: Called Strike
0-2: Foul Ball, location: 2F
0-2: Ball
1-2: Strikes out swinging
Batting: SHB Charlie Diesel 0-0: Ball
1-0: Called Strike
1-1: Foul Ball, location: 2F
1-2: Foul Ball, location: 2F
1-2: Ball
2-2: Foul Ball, location: 2F
2-2: Strikes out swinging
Batting: RHB Chris Kinder 0-0: Ball
1-0: Swinging Strike
1-1: Foul Ball, location: 2F
1-2: Foul Ball, location: 2F
1-2: Strikes out looking
Top of the 3rd over - 1 run, 0 hits, 0 errors, 1 left on base; Boise 4 - Auburn 2
BOTTOM OF THE 3RD
Auburn Doubledays batting - Pitching for Boise Hawks : LHP Jason Peck
Batting: RHB Justin Davenport 0-0: Ball
1-0: Called Strike
1-1: Ball
2-1: Swinging Strike
2-2: Foul Ball, location: 2F
2-2: TRIPLE (Flyball, 8RXD, EV 106.9 MPH)
Batting: RHB Jim Towle 0-0: Ball
1-0: Swinging Strike
1-1: Swinging Strike
1-2: Strikes out swinging
Batting: RHB Jelexiz Cuenca 0-0: Called Strike
0-1: Foul Ball, location: 2F
0-2: Ball
1-2: Ball
2-2: SINGLE (Line Drive, 4MD, EV 95.6 MPH)
Justin Davenport scores
Batting: LHB Jim Weidman 0-0: Ball
1-0: Ball
2-0: Swinging Strike
2-1: Foul Ball, location: 2F
2-2: Foul Ball, location: 2F
2-2: Foul Ball, location: 2F
Pickoff Throw to First - Out! 1-3
2-2: Ground out 6-3 (Groundball, 6M, EV 106.9 MPH)
Bottom of the 3rd over - 1 run, 2 hits, 0 errors, 0 left on base; Boise 4 - Auburn 3
TOP OF THE 4TH
Boise Hawks batting - Pitching for Auburn Doubledays : RHP Sentos Alatas
Batting: LHB Fernando Amaya 0-0: Ball
1-0: Called Strike
1-1: Ball
2-1: Called Strike
2-2: Ball
3-2: Ground out 3-1 (Groundball, 34, EV 108.8 MPH)
Batting: RHB Chris Simmons 0-0: Ball
1-0: Ball
2-0: Ball
3-0: Base on Balls
Batting: LHB Jon Burgos 0-0: Ball
Balk!
Chris Simmons to second
1-0: Called Strike
1-1: Ball
2-1: Fly out, F9 (Line Drive, 9LS, EV 95.6 MPH)
Pitching: RHP Josh Jenkins
Batting: LHB Paul McClintock 0-0: Called Strike
0-1: Ball
1-1: Called Strike
1-2: Ground out 4-3 (Groundball, P, EV 83.8 MPH)
Top of the 4th over - 0 runs, 0 hits, 0 errors, 1 left on base; Boise 4 - Auburn 3
BOTTOM OF THE 4TH
Auburn Doubledays batting - Pitching for Boise Hawks : LHP Jason Peck
Batting: RHB Sentos Alatas 0-0: Called Strike
0-1: Ball
1-1: Ball
2-1: Ball
3-1: Base on Balls
Pitching: RHP Manny Lebron
Batting: RHB Bobby Bricker 0-0: Foul Ball, location: 2F
0-1: SINGLE (Groundball, 4MS, EV 71.2 MPH) (infield hit)
Sentos Alatas to second
Batting: SHB Ed Thorpe Jr. 0-0: Ball
1-0: Foul Ball, location: 2F
1-1: Called Strike
1-2: TRIPLE (Flyball, 89XD, EV 101.2 MPH)
Sentos Alatas scores
Bobby Bricker scores
Batting: LHB Nate Melendez 0-0: SINGLE (Groundball, 3D, EV 100.6 MPH)
Ed Thorpe Jr. scores
Batting: RHB Leo Gutierrez 0-0: Ball
Nate Melendez steals 2nd base
1-0: Ball
2-0: Swinging Strike
2-1: Called Strike
2-2: Strikes out swinging
Batting: RHB Justin Davenport 0-0: Called Strike
0-1: TRIPLE (Line Drive, 8LXD, EV 103.1 MPH)
Nate Melendez scores
Batting: RHB Jim Towle 0-0: Swinging Strike
0-1: Called Strike
0-2: Ball
1-2: Strikes out swinging
Batting: RHB Jelexiz Cuenca 0-0: Ball
1-0: Called Strike
1-1: Foul Ball, location: 2F
1-2: Ground out 6-3 (Groundball, 6, EV 98.1 MPH)
Bottom of the 4th over - 4 runs, 4 hits, 0 errors, 1 left on base; Boise 4 - Auburn 7
TOP OF THE 5TH
Boise Hawks batting - Pitching for Auburn Doubledays : RHP Josh Jenkins
Batting: RHB Shawn Weber 0-0: Foul Ball, location: 2F
0-1: SINGLE (Line Drive, 6MD, EV 94.4 MPH)
Batting: LHB Barnabé Metrass 0-0: Ball
1-0: Foul Ball, location: 2F
1-1: Foul Ball, location: 2F
1-2: Strikes out swinging
Batting: RHB Larry Hardman 0-0: Called Strike
0-1: Ball
1-1: Swinging Strike
1-2: Ball
2-2: Strikes out swinging
Batting: SHB Charlie Diesel 0-0: Ball
1-0: Ball
2-0: Called Strike
2-1: Called Strike
2-2: Ball
Wild Pitch!
Shawn Weber to second
3-2: Base on Balls
Batting: RHB Chris Kinder 0-0: Called Strike
0-1: Swinging Strike
0-2: Ball
1-2: Foul Ball, location: 2F
1-2: Foul Ball, location: 2F
1-2: Ball
2-2: Ball
3-2: Strikes out swinging
Top of the 5th over - 0 runs, 1 hit, 0 errors, 2 left on base; Boise 4 - Auburn 7
BOTTOM OF THE 5TH
Auburn Doubledays batting - Pitching for Boise Hawks : RHP Manny Lebron
Batting: LHB Jim Weidman 0-0: Ball
1-0: Called Strike
1-1: Called Strike
1-2: SOLO HOME RUN (Flyball, 9D, EV 108.8 MPH), Distance : 401 ft
Batting: RHB Sentos Alatas 0-0: Called Strike
0-1: Ball
1-1: Ball
2-1: Reached on error, E4 (Groundball, 4, EV 83.8 MPH)
Batting: RHB Bobby Bricker 0-0: SINGLE (Groundball, 6D, EV 101.2 MPH)
Sentos Alatas to second
Batting: SHB Ed Thorpe Jr. 0-0: SINGLE (Flyball, 8LS, EV 93.1 MPH)
Sentos Alatas to third
Bobby Bricker to second
Runner from 3rd tries for Home, SAFE, throw by CF to home
Pitching: RHP Jalen Young
Batting: LHB Nate Melendez 0-0: Ball
1-0: Ball
2-0: Foul Ball, location: 2F
2-1: Fielders Choice at 2nd, 3-6 (Groundball, 3, EV 101.9 MPH)
Bobby Bricker to third
Batting: RHB Leo Gutierrez 0-0: Hit by Pitch
Nate Melendez to second
Batting: RHB Justin Davenport 0-0: Foul Ball, location: 2F
0-1: Ball
1-1: Swinging Strike
1-2: Strikes out swinging
Batting: RHB Jim Towle 0-0: Ball
1-0: Foul Ball, location: 2F
1-1: Called Strike
1-2: Ball
2-2: Ball
3-2: Foul Ball, location: 2F
3-2: Base on Balls
Bobby Bricker scores
Nate Melendez to third
Leo Gutierrez to second
Batting: RHB Jelexiz Cuenca 0-0: Ball
1-0: Ball
2-0: Foul Ball, location: 2F
2-1: Ground out 5-3 (Groundball, 56, EV 101.2 MPH)
Bottom of the 5th over - 3 runs, 3 hits, 1 error, 3 left on base; Boise 4 - Auburn 10
TOP OF THE 6TH
Boise Hawks batting - Pitching for Auburn Doubledays : RHP Josh Jenkins
Batting: LHB Fernando Amaya 0-0: Ball
1-0: Swinging Strike
1-1: Swinging Strike
1-2: Strikes out swinging
Batting: RHB Chris Simmons 0-0: Called Strike
0-1: Ball
1-1: Ball
2-1: Ball
3-1: Foul Ball, location: 2F
3-2: Base on Balls
Pitching: RHP Brent Wainwright
Batting: LHB Jon Burgos 0-0: Called Strike
0-1: Ball
1-1: Foul Ball, location: 2F
1-2: Strikes out swinging
Batting: LHB Paul McClintock 0-0: Ball
1-0: Swinging Strike
1-1: Swinging Strike
1-2: Foul Ball, location: 2F
1-2: Ball
2-2: Strikes out swinging
Top of the 6th over - 0 runs, 0 hits, 0 errors, 1 left on base; Boise 4 - Auburn 10
BOTTOM OF THE 6TH
Auburn Doubledays batting - Pitching for Boise Hawks : RHP Jalen Young
Batting: LHB Jim Weidman 0-0: Ball
1-0: Ground out U3 (Groundball, 3, EV 86.9 MPH)
Batting: RHB Sentos Alatas 0-0: Called Strike
0-1: Ball
1-1: Ball
2-1: Swinging Strike
2-2: Foul Ball, location: 2F
2-2: Strikes out swinging
Batting: RHB Bobby Bricker 0-0: Ball
1-0: Ball
2-0: Fly out, F8 (Flyball, 8RD, EV 93.1 MPH)
Bottom of the 6th over - 0 runs, 0 hits, 0 errors, 0 left on base; Boise 4 - Auburn 10
TOP OF THE 7TH
Boise Hawks batting - Pitching for Auburn Doubledays : RHP Brent Wainwright
Batting: RHB Shawn Weber 0-0: Ball
1-0: Called Strike
1-1: SINGLE (Groundball, 4MD, EV 97.5 MPH)
Batting: LHB Barnabé Metrass 0-0: Called Strike
0-1: Ball
1-1: Called Strike
1-2: Strikes out swinging
Batting: RHB Larry Hardman 0-0: Called Strike
0-1: Foul Ball, location: 2F
0-2: Ball
1-2: Ball
2-2: Foul Ball, location: 2F
2-2: Foul Ball, location: 2F
2-2: SINGLE (Groundball, 56D, EV 95.0 MPH)
Shawn Weber to second
Pitching: RHP Jimmy Purscell
Batting: SHB Charlie Diesel 0-0: Foul Ball, location: 2F
0-1: Fly out, F8 (Flyball, 78M, EV 85.0 MPH)
Batting: RHB Chris Kinder 0-0: Ball
1-0: Foul Ball, location: 2F
1-1: Foul Ball, location: 2F
1-2: Foul Ball, location: 2F
1-2: Ball
2-2: Foul Ball, location: 2F
2-2: Strikes out swinging
Top of the 7th over - 0 runs, 2 hits, 0 errors, 2 left on base; Boise 4 - Auburn 10
BOTTOM OF THE 7TH
Auburn Doubledays batting - Pitching for Boise Hawks : RHP Jalen Young
Batting: SHB Ed Thorpe Jr. 0-0: Fly out, F9 (Flyball, 89D, EV 95.6 MPH)
Batting: LHB Nate Melendez 0-0: Ball
1-0: Ball
2-0: Called Strike
2-1: Swinging Strike
2-2: DOUBLE (Line Drive, 7LS, EV 106.2 MPH)
Batting: RHB Leo Gutierrez 0-0: Ball
1-0: Ground out 4-3 (Groundball, 4, EV 86.9 MPH)
Nate Melendez to third
Batting: RHB Justin Davenport 0-0: Called Strike
0-1: Called Strike
0-2: TRIPLE (Flyball, 78XD, EV 110.0 MPH)
Nate Melendez scores
Pinch Hitting: LHB Adam Jacobs 0-0: Called Strike
0-1: Ball
1-1: Foul Ball, location: 2F
1-2: Fly out, F4 (Line Drive, 4, EV 68.1 MPH)
Bottom of the 7th over - 1 run, 2 hits, 0 errors, 1 left on base; Boise 4 - Auburn 11
TOP OF THE 8TH
Boise Hawks batting - Pitching for Auburn Doubledays : RHP Jimmy Purscell
Now at 3B: Adam Jacobs
Now at SS: Jelexiz Cuenca
Pinch Hitting: LHB Roger Duque 0-0: Swinging Strike
0-1: Called Strike
0-2: Ball
1-2: Strikes out swinging
Batting: RHB Chris Simmons 0-0: Foul Ball, location: 2F
0-1: Called Strike
0-2: Strikes out swinging
Batting: LHB Jon Burgos 0-0: Ball
1-0: Called Strike
1-1: Foul Ball, location: 2F
1-2: Hit by Pitch
Batting: LHB Paul McClintock 0-0: Ball
1-0: Ball
2-0: Called Strike
2-1: Foul Ball, location: 2F
2-2: Fly out, F9 (Flyball, 9, EV 86.2 MPH)
Top of the 8th over - 0 runs, 0 hits, 0 errors, 1 left on base; Boise 4 - Auburn 11
BOTTOM OF THE 8TH
Auburn Doubledays batting - Pitching for Boise Hawks : RHP Jalen Young
Now in LF: Roger Duque
Batting: RHB Jelexiz Cuenca 0-0: SINGLE (Groundball, 6MD, EV 107.5 MPH)
Batting: LHB Jim Weidman 0-0: Ball
1-0: Foul Ball, location: 2F
1-1: Foul Ball, location: 2F
1-2: Strikes out swinging
Pitching: RHP Lorenzo Pacheco
Batting: RHB Sentos Alatas 0-0: Fielders Choice at 2nd, 6-4 (Groundball, 6, EV 84.4 MPH)
Batting: RHB Bobby Bricker 0-0: Called Strike
0-1: Called Strike
0-2: Fielders Choice at 2nd, 6-4 (Groundball, 6, EV 82.5 MPH)
Bottom of the 8th over - 0 runs, 1 hit, 0 errors, 1 left on base; Boise 4 - Auburn 11
TOP OF THE 9TH
Boise Hawks batting - Pitching for Auburn Doubledays : RHP Jimmy Purscell
Batting: RHB Shawn Weber 0-0: Called Strike
0-1: Swinging Strike
0-2: Strikes out swinging
Batting: LHB Barnabé Metrass 0-0: Called Strike
0-1: Called Strike
0-2: Ball
1-2: Strikes out swinging
Pinch Hitting: RHB Nick Richardson 0-0: Ball
1-0: Called Strike
1-1: Foul Ball, location: 2F
1-2: Strikes out swinging
Top of the 9th over - 0 runs, 0 hits, 0 errors, 0 left on base; Boise 4 - Auburn 11
Thursday, December 15th , 2022 - OOTP Baseball 23.9 Build 102